 Dungeon Crawl Stone Soup version 0.30-a0-728-gc68057be0a (webtiles) character file.

Game seed: 8787935669252813016

43 jimonade the Sneak (level 3, -3/18 HPs)
             Began as a Vine Stalker Brigand on Jan 31, 2023.
             Slain by Terence
             ... wielding a +0 trident
              (9 damage)
             ... on level 2 of the Dungeon.
             The game lasted 00:02:24 (730 turns).

jimonade the Sneak (Vine Stalker Brigand)            Turns: 730, Time: 00:02:25

Health: -3/18      AC:  6    Str: 13    XL:     3   Next: 58%
Magic:  0/4        EV: 10    Int: 11    God:
Gold:   91         SH:  0    Dex: 17    Spells: 2/2 levels left

rFire   . . .      SeeInvis .    a - +2 dagger
rCold   . . .      Faith    .    (no shield)
rNeg    . . .      Spirit   +    k - +0 ring mail
rPois   .          Reflect  .    (no helmet)
rElec   .          Harm     .    c - +0 cloak
rCorr   .          Rampage  .    (no gloves)
Will    .....                    (no boots)
Stlth   ++                       (no amulet)
HPRegen 0.23/turn                (no ring)
MPRegen 0.09/turn                (no ring)

@: no status effects
A: fangs 2, magic shield, antimagic bite, no potion heal 2
a: no special abilities


You were on level 2 of the Dungeon.
You visited 1 branch of the dungeon, and saw 2 of its levels.

You collected 91 gold pieces.

Inventory:

Hand Weapons
 a - a +2 dagger (weapon)
 b - a +0 sling
Missiles
 d - 9 poisoned darts (quivered)
 e - 3 curare-tipped darts
Armour
 c - a +0 cloak (worn)
 i - a +0 robe
 k - a +0 ring mail (worn)
Scrolls
 f - a scroll of fear {unknown}
 j - a scroll of vulnerability {unknown}
 n - a scroll of identify {unknown}
 p - a scroll of magic mapping {unknown}
Potions
 g - a potion of curing {unknown}
 h - a potion of berserk rage {unknown}
 l - a potion of invisibility {unknown}
 m - a potion of degeneration {unknown}
 o - a potion of flight {unknown}


   Skills:
 + Level 2.1 Fighting
 * Level 2.6 Short Blades
 - Level 1.8 Throwing
 + Level 0.3 Armour
 - Level 0.8 Dodging
 - Level 5.4 Stealth


You had 2 spell levels left.
You didn't know any spells.
Your spell library was empty.

Dungeon Overview and Level Annotations

Branches:
Dungeon (2/15)

Altars:

Shops:
D:1 **[[

Annotations:
D:2 Terence


Innate Abilities, Weirdness & Mutations

You have extremely sharp teeth.
When hurt, damage is shared between your health and your magic reserves.
Your bite disrupts and absorbs the magic of your enemies.
Potions cannot restore your health.


Message History

The gnoll shouts!
You hit the giant cockroach.
You bite the giant cockroach, but do no damage.
The giant cockroach is almost dead.
Terence the Incautious comes into view.
He is wielding a +0 trident and wearing a +4 chain mail of fire resistance.
The giant cockroach bites you but does no damage.
Terence shouts!
You hit the giant cockroach.
You kill the giant cockroach!
You hit the gnoll but do no damage. The gnoll barely misses you.
A gnoll comes into view. It is wielding a +0 club.
The gnoll attacks as you move away! The gnoll barely misses you.
Terence screams, "I want your blood!"
You barely miss the gnoll.
The gnoll shouts!
You hit the gnoll.
The gnoll is moderately wounded.
The gnoll hits you with a +0 club.
You hit the gnoll. Your bite misses the gnoll.
The gnoll is moderately wounded.
Terence hits you from afar with a +0 trident.
The gnoll hits you with a +0 club.
You hit the gnoll. You punch the gnoll. You bite the gnoll, but do no damage.
The gnoll is heavily wounded.
The gnoll closely misses you. Terence closely misses you.
You hit the gnoll but do no damage. You bite the gnoll. You drain its power.
You feel invigorated.
The gnoll is severely wounded.
The gnoll hits you with a +0 club. Terence barely misses you.
You hit the gnoll.
You kill the gnoll!
Terence hits you from afar with a +0 trident.
Terence hits you with a +0 trident.
* * * LOW HITPOINT WARNING * * *
Things that are here:
a +0 club; a +0 robe You barely miss Terence.
Your bite misses Terence. Terence hits you with a +0 trident!
Ouch! That really hurt!
You die...

########
#......#########
#.##.....@.#...
#####.##.#.###@#.####
#........#..........#
#.###.##....##.#.##.#
#........#.###.#...
####..##......###.##....
#.....####........#
.#.##
#........#.######## .#.#
#.....##.#.# # #


You could see Terence.

Vanquished Creatures
  A gnoll (D:2)
  3 endoplasms (D:1)
  4 giant cockroaches
  2 goblins
  6 hobgoblins
  A quokka (D:1)
  4 ball pythons
  4 bats (D:1)
  2 kobolds (D:1)
  3 rats (D:1)
30 creatures vanquished.

Notes
Turn   | Place    | Note
-------+----------+-------------------------------------------
     0 | D:1      | jimonade the Vine Stalker Brigand began the quest for the
                  | Orb.
     0 | D:1      | Reached XP level 1. HP: 11/11 MP: 2/2
     9 | D:1      | Found Odoxze's General Store.
    57 | D:1      | Reached skill level 5 in Stealth
    87 | D:1      | Reached XP level 2. HP: 12/15 MP: 1/3
   163 | D:1      | Found Noepok's Assorted Antiques.
   277 | D:1      | Found Joewi's Armour Shoppe.
   361 | D:1      | Found Dojaak's Antique Armour Shoppe.
   571 | D:2      | Reached XP level 3. HP: 17/18 MP: 4/4
   717 | D:2      | Noticed Terence
   730 | D:2      | Slain by Terence

Illustrated notes

Levels and vault maps discovered:
D:1:      minmay_arrival_arboretum_small, layout_rooms, serial_shops, shop,
          shop_fountains, shop_statue, nicolae_shop_waterfront
D:2:      layout_loops_cross, basic_ecumenical_altar, grunt_decor_mini_mirrors,
          uniq_terence, uniq_natasha

Skill      XL: |  1  2  3 |
---------------+----------+-----
Stealth        | 5 |  5.4
Short Blades   | 2 |  2.6
Fighting       | 2 |  2.1
Throwing       | |  1.8
Armour         | |  0.3
Dodging        | |  0.8

Action                     || total
---------------------------++-------
  Melee: Dagger            ||    87
         Bite              ||    25
         Punch             ||     2
   Fire: Sling             ||     3
   Stab: Sleeping          ||    10
 Armour: Robe              ||     6
         Ring mail         ||    18
  Dodge: Dodged            ||    46

Table legend: (Time is in decaauts)
 A = Elapsed time spent in this place.
 B = Non-inter-level travel time spent in this place.
 C = Inter-level travel time spent in this place.
 D = Time resting spent in this place.
 E = Time spent auto-exploring this place.
 F = Levels seen in this place.
 G = Mean time per level.
                   A        B        C        D        E       F      G
               +--------+--------+--------+--------+--------+-----+--------+
         Total |    722 |    690 |     32 |      0 |    447 |   2 |  361.0 |
       Dungeon |    722 |    690 |     32 |      0 |    447 |   2 |  361.0 |
               +--------+--------+--------+--------+--------+-----+--------+

Top non-repeatable levels by time:
     D:1: 559 daAuts
     D:2: 163 daAuts
